 Dungeon Crawl Stone Soup version 0.27.1-3-gb3d3a73c9e (webtiles) character file.

Game seed: 1639736668366939214

172356 Crownlay the Warrior (level 17, -10/170 HPs)
             Began as a Minotaur Berserker on Oct 23, 2021.
             Was a High Priest of Trog.
             Mangled by a hornet (12 damage)
             ... on level 3 of the Spider Nest.
             The game lasted 01:24:23 (31816 turns).

Crownlay the Warrior (Minotaur Berserker)          Turns: 31816, Time: 01:24:24

Health: -10/170    AC: 29    Str: 31    XL:     17   Next: 41%
Magic:  0/16       EV: 11    Int:  9    God:    Trog [*****.]
Gold:   1480       SH: 19    Dex: 11    Spells: 16/16 levels left

rFire    . . .     SeeInvis +   N - +7 demon trident (vorpal)
rCold    + . .     Faith    .   y - +4 kite shield
rNeg     + . .     Spirit   +   U - +11 pearl dragon scales "Naffo" {Contam Rampage rN+ Int+5 Stlth+}
rPois    .         Reflect  .   T - +2 hat {Stlth+}
rElec    .         Harm     .   S - scarf {repulsion}
rCorr    +         Rampage  +   B - +0 pair of gloves
Will     +++..                  (no boots)
Stlth    ++........             g - amulet "Araibieh" {Spirit rC+ Str+3}
HPRegen  1.38/turn              l - ring of see invisible
MPRegen  0.15/turn              o - ring of resist corrosion

@: strong-willed, on berserk cooldown, regenerating, slowed, repel missiles,
very slow
A: horns 2, retaliatory headbutt
a: Renounce Religion, Berserk, Trog's Hand, Brothers in Arms


You were on level 3 of the Spider Nest.
You worshipped Trog.
Trog was extremely pleased with you.
You visited 4 branches of the dungeon, and saw 27 of its levels.
You visited the Abyss 1 time.
You also visited: Gauntlet and Ice Cave.

You collected 2372 gold pieces.
You spent 892 gold pieces at shops.

Inventory:

Hand Weapons
 t - the +4 trident of Death {vamp, rPois Will+}
   (You found it on level 5 of the Dungeon)

   It occasionally heals its wielder for a portion of the damage dealt when it
   wounds a living foe.
   rPois:     It protects you from poison.
   Will:      It increases your willpower.
 I - a +3 antimagic broad axe
 N - a +7 vorpal demon trident (weapon)
 Q - the +7 short sword "Atraxyu" {venom, rElec rN+ rCorr Str-2}
   (You took it off a centaur on level 10 of the Dungeon)

   It poisons the flesh of those it strikes.
   Str:       It affects your strength (-2).
   rElec:     It insulates you from electricity.
   rN:        It protects you from negative energy.
   rCorr:     It protects you from acid and corrosion.
Missiles
 E - 3 curare-tipped darts (quivered)
 F - 2 datura-tipped darts
 M - 3 throwing nets
 V - 22 silver javelins
Armour
 y - a +4 kite shield (worn)
 B - a +0 pair of gloves (worn)
 S - a scarf of repulsion (worn)
 T - a +2 hat of stealth (worn)
 U - the +11 pearl dragon scales "Naffo" (worn) {Contam Rampage rN+ Int+5 Stlth+}
   (You took it off a minotaur in a Gauntlet)

   Int:       It affects your intelligence (+5).
   rN:        It protects you from negative energy.
   Contam:    It causes magical contamination when unequipped.
   Rampage:   It bestows one free step when moving towards enemies.
   Stlth:     It makes you more stealthy.
 X - the +3 ice dragon scales of the Golden Hart {rElec rF- rC++ Str+4}
   (You found it in an ice cave)

   Str:       It affects your strength (+4).
   rF:        It makes you vulnerable to fire.
   rC:        It greatly protects you from cold.
   rElec:     It insulates you from electricity.
Jewellery
 a - the ring "Myusi" {rC+ Str+3}
   (You found it in an ice cave)

   [ring of protection from cold]

   Str:       It affects your strength (+3).
   rC:        It protects you from cold.
 g - the amulet "Araibieh" (around neck) {Spirit rC+ Str+3}
   (You found it in a Gauntlet)

   [amulet of guardian spirit]

   It causes incoming damage to be divided between your reserves of health and
   magic.
   Str:       It affects your strength (+3).
   rC:        It protects you from cold.
 l - a ring of see invisible (left hand)
 o - a ring of resist corrosion (right hand)
 v - a ring of fire
 Y - the ring "Ziut" {Ice Str+3}
   (You found it in an ice cave)

   [ring of ice]

   It enhances your ice magic.
   Str:       It affects your strength (+3).
   rF:        It makes you vulnerable to fire.
   rC:        It protects you from cold.
Wands
 c - a wand of flame (44)
 A - a wand of digging (5)
 C - a wand of charming (9)
 G - a wand of paralysis (4)
 H - a wand of iceblast (6)
 K - a wand of acid (4)
 L - a wand of mindburst (15)
Scrolls
 d - a scroll of summoning
 f - 12 scrolls of teleportation
 k - 5 scrolls of immolation
 m - a scroll of acquirement
 n - 2 scrolls of blinking
 p - 2 scrolls of holy word {unknown}
 q - 3 scrolls of magic mapping
 r - 7 scrolls of vulnerability
 s - a scroll of torment {unknown}
 u - a scroll of brand weapon
 w - 8 scrolls of fear
 x - 3 scrolls of fog
 Z - a scroll of silence
Potions
 b - 11 potions of curing
 e - 3 potions of haste
 h - 2 potions of cancellation
 i - a potion of heal wounds
 j - a potion of mutation
 z - 3 potions of resistance
 D - 4 potions of might
 J - a potion of invisibility
 R - 4 potions of attraction
 W - 10 potions of ambrosia
Miscellaneous
 O - a phantom mirror
 P - a phial of floods


   Skills:
 - Level 20.0 Fighting
 - Level 8.3 Long Blades
 - Level 16.1(17.9) Axes
 - Level 14.0(16.9) Polearms
 - Level 12.0 Armour
 - Level 2.1 Dodging
 * Level 15.2 Shields
 - Level 12.0 Evocations


You had 16 spell levels left.
You didn't know any spells.
Your spell library was empty.

Dungeon Overview and Level Annotations

Branches:
Dungeon (15/15)            Temple (0/1) D:5            Lair (6/6) D:9
 Shoals (0/4) Lair:3       Spider (4/4) Lair:4        Slime (0/5) Lair:6
    Orc (2/2) D:11            Elf (0/3) Orc:2        Vaults (0/5) D:14
 Depths (0/5) D:15          IceCv (visited)         Gauntlet (visited)

Altars:
Cheibriados
Dithmenos
Elyvilon
Fedhas
Hepliaklqana
Kikubaaqudgha
Okawaru
Sif Muna
Trog
Wu Jian
Beogh
Jiyva

Shops:
D:2 ?   D:5 **   D:7 :   D:8 (   Orc:1 *   Orc:2 (=[*

Annotations:
Spider:1 1 runed translucent door, 15bullets's ghost, adept TrMo


Innate Abilities, Weirdness & Mutations

You have a pair of horns on your head.
You reflexively headbutt those who attack you in melee.


Message History

* * * LOW HITPOINT WARNING * * *
You feel as though you will be slow longer.
You climb upwards.
* * * LOW HITPOINT WARNING * * *
You feel very sick.
There is a stone staircase leading down here.
Okay, then.
You feel much better.
You feel sick. The redback barely misses you. You block the hornet's attack.
The redback bites you but does no damage.
You block the hornet's attack. x2
The redback bites you but does no damage.
The hornet closely misses you. The hornet stings you.
* * * LOW HITPOINT WARNING * * *
You feel as though you will be slow longer.
The redback bites you!
* * * LOW HITPOINT WARNING * * *
You are lethally poisoned!
The redback poisons you!
You feel better. You block the hornet's attack.
The redback bites you but does no damage.
You block the hornet's attack. The hornet stings you.
* * * LOW HITPOINT WARNING * * *
You feel as though you will be slow longer.
The redback bites you but does no damage.
The hornet barely misses you. You furiously retaliate!
You headbutt the hornet!
The hornet stings you but does no damage.
You block the redback's attack.
Your skin crawls.
You feel strong-willed.
The redback is no longer berserk.
The hornet barely misses you. You block the redback's attack.
The hornet barely misses you.
The redback bites you but does no damage.
You block the hornet's attack. The hornet stings you!
* * * LOW HITPOINT WARNING * * *
You feel as though you will be slow longer.
The redback bites you.
* * * LOW HITPOINT WARNING * * *
The hornet stings you!
You die...

###..####..##
##.....†.##..#####
#....#.†....###..#
###..#.##........##
#..(^###..#....#^#
##..####....##.>####
#...# #...#.#......#
###.s#####.###.##.^##
####.#.@y# ###
###...#. #....#y.##
###...... #.##....#
#...^#.#^ ##.....###
##..#.... #...##..#
###.<### ####.#....#
#.....#.
#####.^......##
##...###
##.#....#..#..# #..##
# #.<...#..#.#.##
##^.###


You could see 2 hornets and a redback (slow).

Vanquished Creatures
  3 tentacled starspawn (Abyss:2)
  Donald (Spider:3)
  3 azure jellies (IceCv)
  A rockslime (IceCv)
  Aizul (Spider:2)
  2 ghost moths
  An orc warlord (Orc:2)
  2 emperor scorpions
  A stone giant (Orc:2)
  4 quicksilver oozes (IceCv)
  A very ugly thing (Spider:3)
  An entropy weaver (Spider:3)
  The ghost of funkygono the Thaumaturge, a journeyman GrFE of Vehumet (Orc:2)
  Azrael (D:12)
  A spark wasp (Spider:3)
  2 dire elephants (Spider:3)
  A minotaur (Gauntlet)
  Snorg (D:11)
  A merfolk impaler (Orc:2)
  A naga warrior (Orc:2)
  12 hydras
  6 boulder beetles
  Harold (D:10)
  5 two-headed ogres
  2 death knights
  3 centaur warriors (D:13)
  An ogre mage (D:10)
  Erica (D:11)
  4 tengu warriors
  2 catoblepae
  A deep troll shaman (Lair:6)
  6 death yaks (Lair:6)
  Urug (Lair:4)
  3 orc high priests (Orc:2)
  A deep elf knight (Spider:3)
  Nergalle (D:11)
  6 skeletal warriors
  2 deep elf archers
  A death drake (Gauntlet)
  3 wizards
  2 deep elf zephyrmancers (D:15)
  2 orange crystal statues (IceCv)
  An oklob plant (Gauntlet)
  3 necromancers
  7 orc knights
  A wolf spider zombie (D:15)
  2 deep elf pyromancers
  26 ugly things
  9 orb spiders
  8 orc sorcerers
  22 wolf spiders
  2 cyclopes
  2 manticores
  15 elephants
  2 moths of wrath
  A naga mage (D:15)
  6 black mambas
  2 unseen horrors
  A gargoyle (D:11)
  A torpor snail (Spider:2)
  12 cane toads
  A kobold demonologist (D:10)
  11 komodo dragons
  9 demonic crawlers
  3 entropy weaver simulacra (IceCv)
  2 freezing wraiths
  A spectral redback (Gauntlet)
  2 very ugly thing simulacra (IceCv)
  7 trolls
  3 meliai (D:13)
  A queen bee (Lair:1)
  3 polar bears
  A tyrant leech (Gauntlet)
  5 hornets
  A raiju (shapeshifter) (D:14)
  19 jumping spiders
  5 blink frogs (Lair:4)
  28 slime creatures
  The ghost of othur the Stinger, an amateur OpVM of Gozag (D:4)
  2 ynoxinuls (Abyss:2)
  11 tarantellas
  A wyvern (D:9)
  40 redbacks
  A wraith (D:12)
  4 fire bats (Abyss:2)
  5 fire elementals (D:12)
  19 yaks
  2 steam dragons
  4 vampire mosquitoes
  3 basilisks
  2 swamp worms (Gauntlet)
  4 wargs
  Duvessa (D:7)
  3 acid dragons
  2 demonic crawler simulacra (IceCv)
  A hell hound (Spider:3)
  17 water moccasins
  4 black bears
  37 orc warriors
  2 hornet zombies
  An ugly thing simulacrum (IceCv)
  10 ogres
  6 centaurs
  19 wolves
  An ice beast (D:7)
  A phantom (D:5)
  14 bullfrogs
  A gnoll sergeant (D:9)
  Dowan (D:7)
  A wyvern zombie (D:8)
  4 scorpions
  A water moccasin skeleton (D:6)
  19 killer bees (Lair:1)
  12 wights
  3 electric eels
  4 howler monkeys
  A bullfrog zombie (D:3)
  6 centaur zombies
  6 starcursed masses (Abyss:2)
  2 centaur skeletons
  A hound (D:5)
  27 orc priests
  Crazy Yiuf (D:6)
  A bullfrog skeleton (D:5)
  A jelly (D:7)
  An iron imp (Abyss:2)
  4 iguanas
  20 orc wizards
  2 centaur simulacra
  A mummy (D:6)
  A howler monkey zombie (D:9)
  A gnoll (D:1)
  6 adders
  3 white imps
  An ufetubus (D:5)
  86 orcs
  7 ball pythons
  9 endoplasms
  6 giant cockroaches
  12 hobgoblins
  4 jackals (D:2)
  6 quokkas
  15 bats
  6 frilled lizards
  10 goblins
  12 kobolds
  3 rats
  3 starspawn tentacles (Abyss:2)
850 creatures vanquished.

Vanquished Creatures (collateral kills)
  A centaur warrior (Orc:2)
  An orc knight (Orc:2)
2 creatures vanquished.

Vanquished Creatures (others)
  2 very ugly thing simulacra (IceCv)
  A demonic crawler simulacrum (IceCv)
  An ugly thing simulacrum (IceCv)
  A bullfrog (D:7)
  An orc (Orc:2)
  17 fungi
  20 plants
  14 starspawn tentacles (Abyss:2)
  14 withered plants (Gauntlet)
71 creatures vanquished.

Grand Total: 923 creatures vanquished

Notes
Turn   | Place    | Note
-------+----------+-------------------------------------------
     0 | D:1      | Crownlay the Minotaur Berserker began the quest for the
                  | Orb.
     0 | D:1      | Reached XP level 1. HP: 19/19 MP: 0/0
   102 | D:1      | Reached XP level 2. HP: 27/27 MP: 1/1
   230 | D:1      | Reached skill level 4 in Fighting
   504 | D:1      | Reached XP level 3. HP: 24/33 MP: 2/2
   964 | D:1      | Reached ** piety under Trog
   965 | D:1      | Reached skill level 5 in Long Blades
  1322 | D:2      | Found Diatruc's Magic Scroll Boutique.
  1330 | D:2      | Reached XP level 4. HP: 36/41 MP: 3/3
  1820 | D:3      | Reached skill level 5 in Fighting
  1820 | D:3      | Reached XP level 5. HP: 24/48 MP: 4/4
  1983 | D:3      | Reached *** piety under Trog
  2143 | D:3      | Found a faded altar of an unknown god.
  2998 | D:4      | Reached XP level 6. HP: 41/56 MP: 5/5
  3023 | D:4      | Found a shadowy altar of Dithmenos.
  3364 | D:4      | Reached skill level 6 in Fighting
  3459 | D:4      | Found a runed translucent gate.
  3459 | D:4      | Noticed othur's ghost (amateur OpVM)
  3460 | D:4      | Found a runed translucent gate.
  3461 | D:4      | Found a runed translucent gate.
  3463 | D:4      | Identified the +2 ring mail "Wychuwac" {rF+}
  3530 | D:5      | Entered Level 5 of the Dungeon
  3587 | D:5      | Found a staircase to the Ecumenical Temple.
  3614 | D:5      | Reached XP level 7. HP: 17/63 MP: 6/6
  3615 | D:5      | Found Dorriom's Specific Store.
  3906 | D:5      | Found Bidyokip's General Store.
  3909 | D:5      | Bought a scroll of noise for 10 gold pieces
  3939 | D:5      | Found a blossoming altar of Fedhas.
  4079 | D:5      | Identified the +4 trident of Death {vamp, rPois Will+}
  4108 | D:5      | Reached skill level 1 in Polearms
  4313 | D:5      | Identified the +1 ring mail of the Snake Pit {*Slow Regen+
                  | Int+5 Stlth+}
  4774 | D:4      | Killed othur's ghost
  4775 | D:4      | Reached skill level 7 in Fighting
  4887 | D:6      | Reached skill level 5 in Polearms
  4887 | D:6      | Reached XP level 8. HP: 69/73 MP: 7/7
  5008 | D:6      | Reached **** piety under Trog
  5017 | D:6      | Found a white marble altar of Elyvilon.
  5087 | D:6      | Reached skill level 8 in Fighting
  5255 | D:6      | Reached skill level 1 in Shields
  5392 | D:6      | Found a runed translucent door.
  5393 | D:6      | Noticed Crazy Yiuf
  5401 | D:6      | Killed Crazy Yiuf
  5495 | D:6      | Found a snail-covered altar of Cheibriados.
  5733 | D:7      | Reached XP level 9. HP: 79/80 MP: 8/8
  5751 | D:7      | Found Vead's Self-Improvement Boutique.
  5752 | D:7      | Found an ancient bone altar of Kikubaaqudgha.
  5752 | D:7      | Noticed Duvessa
  5753 | D:7      | Noticed Dowan
  5763 | D:7      | Killed Duvessa
  5769 | D:7      | Killed Dowan
  5960 | D:7      | Reached skill level 10 in Polearms
  6261 | D:7      | Found an ornate altar of the Wu Jian Council.
  6328 | D:8      | Reached skill level 5 in Shields
  6738 | D:8      | Found Ruvy's Weapon Shop.
  7329 | D:9      | Reached XP level 10. HP: 68/90 MP: 9/9
  7426 | D:9      | Found a staircase to the Lair.
  7639 | D:9      | Found a shimmering blue altar of Sif Muna.
  7643 | D:9      | Found a bloodstained altar of Trog.
  7797 | D:9      | Noticed a two-headed ogre
  7805 | D:9      | Killed a two-headed ogre
  8066 | D:9      | Identified the +5 robe of the Crushed Orbs {rF+}
  8100 | D:10     | Entered Level 10 of the Dungeon
  8446 | D:10     | Noticed a death knight
  8446 | D:10     | Noticed a wizard
  8475 | D:10     | Killed a death knight
  8478 | D:10     | Reached XP level 11. HP: 95/95 MP: 10/10
  8482 | D:10     | Killed a wizard
  8492 | D:10     | Noticed an ogre mage
  8535 | D:10     | Cast into level 2 of the Abyss (ogre mage)
  8540 | Abyss:2  | Noticed a lich
  8630 | Abyss:2  | Noticed a tentacled starspawn
  8632 | Abyss:2  | Noticed a starcursed mass
  8653 | Abyss:2  | Killed a tentacled starspawn
  8671 | Abyss:2  | Killed a starcursed mass
  8701 | Abyss:2  | HP: 4/95 [fire bat (7)]
  8791 | Abyss:2  | Found a corrupted altar of Lugonu.
  8791 | Abyss:2  | Noticed a tentacled starspawn
  8803 | Abyss:2  | Noticed a tentacled starspawn
  8831 | Abyss:2  | Killed a tentacled starspawn
  8832 | Abyss:2  | Reached skill level 9 in Fighting
  8840 | Abyss:2  | Killed a tentacled starspawn
  8847 | D:10     | Escaped the Abyss
  8930 | D:10     | Noticed a wizard
  9340 | D:10     | Killed an ogre mage
  9506 | D:10     | Reached XP level 12. HP: 106/106 MP: 11/11
  9508 | D:10     | Noticed Harold
  9520 | D:10     | Killed Harold
  9521 | D:10     | Reached skill level 10 in Fighting
  9691 | D:10     | Noticed a seven-headed hydra
  9710 | D:10     | Killed a seven-headed hydra
  9789 | D:10     | Identified the +7 short sword "Atraxyu" {venom, rElec rN+
                  | rCorr Str-2}
 10260 | D:11     | Noticed a two-headed ogre
 10319 | D:11     | Killed a two-headed ogre
 10434 | D:11     | Noticed a two-headed ogre
 10441 | D:11     | Killed a two-headed ogre
 10481 | D:11     | Noticed Nergalle
 10491 | D:11     | Killed Nergalle
 10582 | D:11     | Reached skill level 11 in Fighting
 10651 | D:11     | Reached skill level 15 in Shields
 10694 | D:11     | Noticed Snorg
 10709 | D:11     | Killed Snorg
 10782 | D:11     | Found a staircase to the Orcish Mines.
 10842 | D:11     | Reached skill level 12 in Fighting
 10849 | D:11     | Reached skill level 1 in Evocations
 10945 | D:11     | Noticed Erica
 10963 | D:11     | Killed Erica
 11298 | Lair:1   | Entered Level 1 of the Lair of Beasts
 11345 | Lair:1   | Found a gate leading to a gauntlet.
 11358 | Gauntlet | Entered a Gauntlet
 11358 | Gauntlet | Found a large runed translucent door.
 11358 | Gauntlet | Found a large runed translucent door.
 11358 | Gauntlet | Found a large runed translucent door.
 11358 | Gauntlet | Found a large runed translucent door.
 11358 | Gauntlet | Found a runed translucent door.
 11358 | Gauntlet | Found a large runed translucent door.
 11358 | Gauntlet | Found a large runed translucent door.
 11358 | Gauntlet | Found a transporter.
 11358 | Gauntlet | Found a transporter.
 11358 | Gauntlet | Found a large runed translucent door.
 11358 | Gauntlet | Found a large runed translucent door.
 11358 | Gauntlet | Found a runed translucent gate.
 11358 | Gauntlet | Found a runed translucent gate.
 11358 | Gauntlet | Found a transporter.
 11478 | Gauntlet | Found a transporter.
 11478 | Gauntlet | Found a transporter.
 11479 | Gauntlet | Found a runed translucent gate.
 11479 | Gauntlet | Found a runed translucent door.
 11483 | Gauntlet | Noticed a death yak
 11485 | Gauntlet | Noticed a death yak
 11486 | Gauntlet | Noticed a death yak
 11486 | Gauntlet | Noticed a death yak
 11487 | Gauntlet | Noticed a death yak
 11488 | Gauntlet | Found a transporter.
 11492 | Gauntlet | Found a transporter.
 11502 | Gauntlet | Found a transporter.
 11549 | Gauntlet | Found a large runed translucent door.
 11549 | Gauntlet | Found a large runed translucent door.
 11550 | Gauntlet | Found a large runed translucent door.
 11551 | Gauntlet | Found a large runed translucent door.
 11552 | Gauntlet | Found a large runed translucent door.
 11552 | Gauntlet | Found a large runed translucent door.
 11553 | Gauntlet | Found a large runed translucent door.
 11554 | Gauntlet | Found a large runed translucent door.
 11596 | Gauntlet | Found a transporter.
 11608 | Gauntlet | Found a transporter.
 11608 | Gauntlet | Found a transporter.
 11620 | Gauntlet | Found a transporter.
 12370 | Gauntlet | Identified the amulet "Araibieh" {Spirit rC+ Str+3}
 12478 | Gauntlet | Identified the +11 pearl dragon scales "Naffo" {Contam
                  | Rampage rN+ Int+5 Stlth+}
 12478 | Gauntlet | Noticed a minotaur
 12495 | Gauntlet | Killed a minotaur
 12496 | Gauntlet | Reached XP level 13. HP: 119/119 MP: 10/12
 12606 | Lair:1   | Reached skill level 5 in Evocations
 12795 | Lair:1   | Reached skill level 13 in Fighting
 14236 | Lair:3   | Found a staircase to the Shoals.
 14984 | Lair:4   | Noticed Urug
 15005 | Lair:4   | Killed Urug
 15361 | Lair:4   | Reached skill level 14 in Fighting
 15443 | Lair:4   | Found a hole to the Spider Nest.
 16115 | Lair:5   | Reached XP level 14. HP: 112/133 MP: 8/13
 16471 | Lair:5   | Reached skill level 10 in Evocations
 16662 | Lair:5   | Identified the +5 rapier "Raedwuc" {drain, rC+ Str-2 Int+7}
 16868 | Lair:6   | Entered Level 6 of the Lair of Beasts
 17012 | Lair:6   | Reached skill level 15 in Fighting
 17288 | Lair:6   | Found a viscous altar of Jiyva.
 17288 | Lair:6   | Found a staircase to the Slime Pits.
 17485 | Lair:6   | Reached skill level 16 in Fighting
 17559 | Lair:6   | Reached ***** piety under Trog
 17905 | Lair:6   | Identified the +7 falchion of Precise Incision {speed,
                  | Dex+3}
 18175 | Orc:1    | Entered Level 1 of the Orcish Mines
 18175 | Orc:1    | Found Qufus's Mass Market.
 18216 | D:11     | Reached skill level 5 in Armour
 18547 | Orc:2    | Entered Level 2 of the Orcish Mines
 18622 | Orc:2    | Found a staircase to the Elven Halls.
 18971 | Orc:2    | Noticed an orc warlord
 19003 | Orc:2    | Killed an orc warlord
 19030 | Orc:2    | Received a gift from Trog
 19136 | Orc:2    | Reached skill level 17 in Fighting
 19198 | Orc:2    | Paralysed by an orc sorcerer for 2 turns
 19204 | Orc:2    | Reached XP level 15. HP: 147/147 MP: 12/14
 19357 | Orc:2    | Found Far Ydwu's Antique Armour Emporium.
 19358 | Orc:2    | Found Joxopril's Antique Weapon Shoppe.
 19360 | Orc:2    | Found Errostad's General Store.
 19360 | Orc:2    | Found Yhall's Jewellery Emporium.
 19376 | Orc:2    | Bought a scroll of enchant armour for 82 gold pieces
 19551 | Orc:2    | Found a runed translucent gate.
 19552 | Orc:2    | Found a runed translucent gate.
 19554 | Orc:2    | Found a runed translucent gate.
 19554 | Orc:2    | Noticed funkygono's ghost (journeyman GrFE)
 19561 | Orc:2    | Found an iron altar of Okawaru.
 20532 | Orc:2    | Received a gift from Trog
 20535 | Orc:2    | Killed funkygono's ghost
 20537 | Orc:2    | Reached skill level 10 in Armour
 20835 | Orc:2    | Identified the +5 rapier of Day {vorpal, rF+}
 21109 | D:12     | Noticed Azrael
 21128 | D:12     | Killed Azrael
 22367 | D:14     | Identified the +1 leather armour "Ypriely" {rC+ Regen+
                  | Dex-3 Slay+3}
 22683 | D:14     | Found a gate to the Vaults.
 22752 | D:14     | Reached skill level 18 in Fighting
 22971 | D:7      | Bought a manual of Axes for 800 gold pieces
 23164 | D:15     | Entered Level 15 of the Dungeon
 23174 | D:14     | Reached skill level 1 in Axes
 23605 | D:14     | Reached skill level 5 in Axes
 24246 | D:15     | Reached XP level 16. HP: 159/159 MP: 12/15
 24285 | D:15     | Found a bloodstained altar of Trog.
 24495 | D:15     | Reached skill level 10 in Axes
 24539 | D:15     | Found a staircase to the Depths.
 24684 | D:15     | Found a faded altar of an unknown god.
 24684 | D:15     | Found a faded altar of an unknown god.
 24687 | D:15     | Found a faded altar of an unknown god.
 24687 | D:15     | Found a hazy altar of Hepliaklqana.
 24963 | Spider:1 | Entered Level 1 of the Spider Nest
 26986 | Spider:1 | Found a runed translucent door.
 26989 | Spider:1 | Noticed 15bullets's ghost (adept TrMo)
 27440 | Spider:2 | Noticed Aizul
 27465 | Spider:2 | Killed Aizul
 28283 | Spider:3 | Noticed Donald
 28287 | Spider:3 | Reached skill level 19 in Fighting
 28616 | Spider:3 | Killed Donald
 28640 | Spider:3 | Found a frozen archway.
 28692 | IceCv    | Entered an ice cave
 28840 | IceCv    | Reached skill level 15 in Axes
 28886 | IceCv    | Identified the +3 ice dragon scales of the Golden Hart
                  | {rElec rF- rC++ Str+4}
 29121 | IceCv    | Received a gift from Trog
 29711 | IceCv    | Reached XP level 17. HP: 70/168 MP: 6/16
 29977 | IceCv    | Found a viscous altar of Jiyva.
 30110 | IceCv    | Identified a scroll of acquirement
 30119 | IceCv    | Got the ring "Myusi" {rC+ Str+3}
 30126 | IceCv    | Got the ring "Ziut" {Ice Str+3}
 30990 | Spider:3 | Reached skill level 20 in Fighting
 31273 | Spider:4 | Entered Level 4 of the Spider Nest
 31784 | Spider:4 | Paralysed by a hornet for 2 turns
 31811 | Spider:4 | Paralysed by a hornet for 1 turns
 31812 | Spider:4 | HP: 5/170 [hornet (10)]
 31816 | Spider:3 | HP: 2/170 [redback (6)]
 31816 | Spider:3 | Mangled by a hornet

Illustrated notes

Levels and vault maps discovered:
D:1:      ebering_hopf_link, layout_basic, serial_bayou_pond_b
D:2:      wander_river, layout_rooms, serial_shops, nicolae_shop_stone
D:3:      layout_basic, chequers_ecumenical_altar_simple_redux,
          minmay_misc_feat_tower
D:4:      layout_rooms, grunt_dithmenos_smoke_and_mirrors,
          biasface_ghost_orc_armoury
D:5:      layout_basic, mainiacjoe_overflow_alcove_1,
          minmay_temple_entry_statues_fountains, nicolae_specific_store
D:6:      layout_basic, elyvilon_altar_4, slow_altar_2, uniq_crazy_yiuf_cottage
D:7:      layout_gridville, nicolae_wu_jian_immortal_techniques,
          old_standard_altar, nicolae_shop_self_help, uniq_duvessa
D:8:      layout_basic, serial_shops, shop
D:9:      layout_gridville, mainiacjoe_overflow_surrounded_room,
          nicolae_sif_muna_condensation, david_lair_shrubbed,
          minmay_chambers_of_fives
D:10:     minmay_the_grid_triangle_9x9_recursive_2_mashed
          [minmay_the_grid_triangle_9x9_prize_schism,
          minmay_the_grid_triangle_9x9_odd_lines,
          minmay_the_grid_triangle_9x9_alien,
          minmay_the_grid_triangle_9x9_zippers_vertical], layout_long_grid,
          hangedman_abyss_or_decor_passed, kennysheep_generic_room_3,
          uniq_harold
D:11:     layout_rooms, st_stairs_5, uniq_nergalle, uniq_snorg, uniq_erica
D:12:     layout_big_octagon, lemuel_flame_loot_1, uniq_azrael
D:13:     layout_roguey
D:14:     layout_irregular_city, david_vaults_1
D:15:     grunt_enter_depths_magical_seal, layout_basic,
          trog_three_pillars_becter, nicolae_hepliaklqana_ecumenical_no_more
Lair:1:   layout_cave_shapes, special_room [special_room_bee],
          gauntlet_entry_generic, nicolae_quartered_pool_medium
Lair:2:   layout_gridlike, chequers_serial_rivers_micro_e, roderic_batcave,
          serial_bayou_shore_a
Lair:3:   layout_loops_ring, shoals_dummy_entry, chequers_serial_rivers_large_a
Lair:4:   layout_cave_pods, dummy_spider_entry, uniq_urug
Lair:5:   layout_concentric_octagons, infiniplex_staircase_pool_2
Lair:6:   grunt_lair_end_beastmaster, layout_gridlike, slime_altar_1
Spider:1: layout_spider_delve, ebering_ghost_inner_flame, nicolae_spider_shape
Spider:2: layout_spider_delve, drop_trap, uniq_aizul
Spider:3: layout_spider_delve, portal_ice_cave_entry_ugly_swarm,
          beargit_elvish_explorers, uniq_donald
Spider:4: grunt_spider_rune_parallel
Orc:1:    layout_caves, minmay_shop_mass, nicolae_orc_lava_room
Orc:2:    st_orc_congregation, layout_diamond_mine,
          gammafunk_ghost_fury_of_okawaru

Skill      XL: |  1  2  3  4  5  6  7  8  9 10 11 12 13 14 15 16 17 |
---------------+----------------------------------------------------+-----
Long Blades    | 4 5 6 7 8 |  8.3
Fighting       | 4 5 6 7 8 9 12 14 17 18 19 20 | 20.0
Polearms       | 5 8 11 14 | 14.0
Shields        | 2 6 9 13 15 | 15.2
Evocations     | 4 9 10 11 12 | 12.0
Armour         | 8 12 | 12.0
Axes           | 9 15 16 | 16.1
Dodging        | |  2.1

Action                   |  1- 3 |  4- 6 |  7- 9 | 10-12 | 13-15 | 16-18 || total
-------------------------+-------+-------+-------+-------+-------+-------++-------
Melee: Falchion          |    83 |   130 |     2 |       |       |       ||   215
       Headbutt          |    13 |    30 |    50 |   103 |   427 |   248 ||   871
       Trident           |       |       |   263 |   449 |  1739 |   616 ||  3067
       Demon trident     |       |       |       |       |       |   390 ||   390
Throw: Boomerang         |       |    42 |    51 |    45 |       |       ||   138
       Dart              |       |       |       |     6 |    10 |       ||    16
       Javelin           |       |       |       |       |    14 |       ||    14
Invok: Trog's Hand       |       |     3 |     6 |    24 |    23 |    12 ||    68
       Berserk           |       |     3 |     4 |    16 |     2 |     3 ||    28
       Brothers in Arms  |       |       |       |     1 |     1 |       ||     2
Evoke: Wand              |       |       |       |    10 |    20 |       ||    30
  Use: Scroll            |     1 |     2 |     5 |     8 |    15 |     6 ||    37
       Potion            |       |       |       |     3 |     1 |     9 ||    13
 Stab: Sleeping          |       |       |     3 |       |     7 |       ||    10
       Distracted        |       |       |       |       |       |     2 ||     2
Armor: Chain mail        |    50 |    67 |    17 |       |       |       ||   134
       Animal skin       |     3 |       |       |       |       |       ||     3
       Ring mail         |       |       |    58 |    45 |       |       ||   103
       Pearl dragon scal |       |       |       |    18 |   543 |   616 ||  1177
       Plate armour      |       |       |       |     6 |       |       ||     6
Dodge: Dodged            |    39 |    51 |   108 |   107 |   410 |   341 ||  1056
       Repelled          |       |       |       |     3 |     2 |       ||     5
Block: Kite shield       |       |       |       |   146 |  1079 |   919 ||  2144
       Rpst.: Falchion   |     9 |    12 |       |       |       |       ||    21
